 Dungeon Crawl Stone Soup version 0.31-a0-486-g8d68a81214 (webtiles) character file.

Game seed: 15636566844635074440

49 randomguy2701 the Digger (level 3, -1/19 HPs)
             Began as a Gargoyle Earth Elementalist on Aug 8, 2023.
             Was an Initiate of Cheibriados.
             Slain by a goblin
             ... wielding a +0 club
             ... led by Robin
              (6 damage)
             ... on level 2 of the Dungeon.
             The game lasted 00:02:14 (2068 turns).

randomguy2701 the Digger (GrEE)                     Turns: 2068, Time: 00:02:16

Health: -1/19      AC:  5    Str: 12    XL:     3   Next: 77%
Magic:  0/7        EV: 12    Int: 18    God:    Cheibriados [......]
Gold:   81         SH:  0    Dex: 11    Spells: 6/7 levels left

rFire   . . .        (no weapon)
rCold   . . .        (no shield)
rNeg    + . .        a - +0 robe
rPois   ∞            (no helmet)
rElec   +            (no cloak)
rCorr   .            (no gloves)
SInv    .            (no boots)
Will    .....        (no amulet)
Stlth   ++           (no ring)
HPRegen 0.23/turn    (no ring)
MPRegen 0.10/turn

%: no passive effects
@: very slow
A: sickness immunity, AC +3, negative energy resistance 1, electricity
resistance, torment resistance 1, petrification resistance
a: Renounce Religion


You were on level 2 of the Dungeon.
You worshipped Cheibriados.
Cheibriados was noncommittal.
You visited 1 branch of the dungeon, and saw 2 of its levels.

You collected 81 gold pieces.

Inventory:

Armour
 a - a +0 robe (worn)
Jewellery
 l - a ring of protection from fire
 m - a ring of ice
Scrolls
 c - 2 scrolls of teleportation {unknown}
 e - a scroll of butterflies {unknown}
 f - a scroll of vulnerability {unknown}
 g - a scroll of noise {unknown}
 j - a scroll of poison {unknown}
Potions
 b - a potion of magic
 d - a potion of brilliance {unknown}
 h - a potion of might {unknown}
 i - a potion of cancellation {unknown}
 k - a potion of attraction {unknown}


   Skills:
 + Level 1.6 Dodging
 + Level 2.2 Stealth
 + Level 2.8 Spellcasting
 + Level 1.0 Transmutations
 + Level 4.6 Earth Magic


You had 6 spell levels left.
You knew the following spells:

 Your Spells              Type           Power      Damage    Failure   Level
a - Sandblast             Erth           38%        2d10      2%          1

Your spell library contained the following spells:

 Spells                   Type           Power      Damage    Failure   Level
 Passwall                 Tmut/Erth      10%        N/A       8%          2
 Stone Arrow              Conj/Erth      20%        3d8       19%         3
 Petrify                  Tmut/Erth      12%        N/A       45%         4


Dungeon Overview and Level Annotations

Branches:
Dungeon (2/15)

Altars:
Cheibriados

Shops:
D:2 *

Annotations:
D:2 Robin


Innate Abilities, Weirdness & Mutations

You are immune to sickness and miasma.
Your stone body is resilient. (AC +3)
You are immune to poison.
You resist negative energy. (rN+)
You are resistant to electric shocks. (rElec)
You are resistant to unholy torment.
You are immune to petrification.


Message History

No target in view!
A goblin comes into view. It is wielding a +0 club.
You see here a bat corpse.
The blast of sand hits Robin.
Robin is lightly wounded.
Robin hits you with a +0 dagger.
The blast of sand hits Robin.
Robin is lightly wounded.
Robin closely misses you.
You are out of magic!
Robin attacks as you move away! Robin hits you with a +0 dagger.
A goblin comes into view. It is wielding a +0 dagger.
Robin roars a battlecry!
The goblin goes into a battle-frenzy!
The goblin shouts!
You hit Robin but do no damage.
Robin is lightly wounded.
You hit the goblin but do no damage. Robin throws the goblin at you!
The goblin closely misses you.
You hit Robin.
Robin is moderately wounded.
Robin hits you but does no damage. The goblin barely misses you.
You hit Robin but do no damage.
Robin is moderately wounded.
Robin hits you with a +0 dagger. The goblin barely misses you.
You hit Robin but do no damage.
Robin is moderately wounded.
Robin hits you with a +0 dagger. The goblin hits you with a +0 club.
The goblin unwields a +0 dagger.
The goblin wields a +0 sling.
The goblin shoots a sling bullet.
The sling bullet hits you.
* * * LOW HITPOINT WARNING * * *
Casting: Sandblast (safe; 2% risk of failure)
Confirm with . or Enter, or press ? or * to list all spells.
Aiming: Sandblast (safe; 2% risk of failure)
Press: ? - help, Shift-Dir - straight line, f/p - Robin
Aim: Robin, wielding a +0 dagger, wearing a +1 animal skin and wearing a +0 helmet (moderately wounded, 87% to hit)
The blast of sand hits Robin.
Robin is heavily wounded.
Robin completely misses you. The goblin hits you with a +0 club.
You die...

#.........# ##+#
#.###.###.# ##...##
#.# #.###.....## #
##.###.##.......##
#.##...##.#.........##
#.........+.........'.
#.........#.........##
#.###.g#####.......##
#.###@.# ##.....## #
#..g.# ##...## #†##.#
##'## #g##.# #.#
#)##.# ###.#####
.....# #.......#
#.#### #....##.## #.#
#......... #g#
###.....#.##


You could see Robin and 2 goblins.

Vanquished Creatures
  2 worms (D:2)
  A dart slug (D:2)
  5 endoplasms
  3 giant cockroaches
  7 hobgoblins
  2 jackals (D:2)
  6 ball pythons
  3 bats
  2 frilled lizards
  3 goblins
  A kobold (D:2)
  A rat (D:1)
36 creatures vanquished.

Notes
Turn   | Place    | Note
-------+----------+-------------------------------------------
     0 | D:1      | randomguy2701 the Gargoyle Earth Elementalist began the
                  | quest for the Orb.
     0 | D:1      | Reached XP level 1. HP: 10/10 MP: 3/3
    37 | D:1      | Reached skill level 1 in Transmutations
   295 | D:1      | Reached XP level 2. HP: 15/15 MP: 1/5
   350 | D:1      | Reached skill level 4 in Earth Magic
  1400 | D:2      | Identified the +1 helmet of the Moon {rCorr Str-3 Slay+3}
  1475 | D:2      | Reached XP level 3. HP: 19/19 MP: 1/6
  1706 | D:2      | Identified the +2 ring mail of the Snake Pit {Int+3}
  1772 | D:2      | Found Xeewneg's Assorted Antiques.
  1910 | D:2      | Found a snail-covered altar of Cheibriados.
  1919 | D:2      | Became a worshipper of Cheibriados the Contemplative
  2054 | D:2      | Noticed Robin
  2068 | D:2      | Slain by a goblin

Illustrated notes

Levels and vault maps discovered:
D:1:      psy_arrival_heroes, layout_basic, roderic_lattice_a
D:2:      cheibrodos_pilgrimage, layout_loops_corners, serial_shops,
          nicolae_shop_hallway_stairs, basic_altar, uniq_robin

Skill      XL: |  1  2 |
---------------+-------+-----
Transmutations | 1 |  1.0
Earth Magic    | 4 |  4.6
Dodging        | |  1.6
Stealth        | |  2.2
Spellcasting   | |  2.8

Action                     || total
---------------------------++-------
  Melee: Unarmed           ||     5
   Cast: Sandblast         ||    56
 Armour: Robe              ||     4
  Dodge: Dodged            ||    10

Table legend: (Time is in decaauts)
 A = Elapsed time spent in this place.
 B = Non-inter-level travel time spent in this place.
 C = Inter-level travel time spent in this place.
 D = Time resting spent in this place.
 E = Time spent auto-exploring this place.
 F = Levels seen in this place.
 G = Mean time per level.
                   A        B        C        D        E       F      G
               +--------+--------+--------+--------+--------+-----+--------+
         Total |   2120 |   2109 |     11 |      0 |   1904 |   2 | 1060.0 |
       Dungeon |   2120 |   2109 |     11 |      0 |   1904 |   2 | 1060.0 |
               +--------+--------+--------+--------+--------+-----+--------+

Top non-repeatable levels by time:
     D:1: 1279 daAuts
     D:2: 841 daAuts
